 Dungeon Crawl Stone Soup version 0.17.0-57-g0e89251 (webtiles) character file.

86 Ivanskos the Shield-Bearer (level 4, 0/42 HPs)
             Began as a Deep Dwarf Fighter on Dec 7, 2015.
             Slain by a sky beast (1 damage)
             ... on level 4 of the Dungeon.
             The game lasted 00:07:21 (2249 turns).

Ivanskos the Shield-Bearer (Deep Dwarf Fighter)     Turns: 2249, Time: 00:07:21

Health: 0/42       AC:  8    Str: 20    XL:     4   Next: 27%
Magic:  4/4        EV:  7    Int:  9    God:
Gold:   86         SH:  9    Dex: 12    Spells: 0 memorised, 3 levels left

rFire  . . .     SeeInvis .     a - +0 war axe
rCold  . . .     Clarity  +     b - +0 scale mail
rNeg   . . .     SustAt   .     c - +0 shield
rPois  +         Gourm    .     (no helmet)
rElec  .         Spirit   .     (no cloak)
rCorr  .         Warding  .     m - +0 pair of gloves
rMut   .         Stasis   .     (no boots)
MR     .....                    w - amulet of clarity
Stlth  ..........               (no ring)
                                r - ring of poison resistance

@: non-regenerating, not resistant to hostile enchantments, extremely unstealthy
A: damage resistance, recharge devices, sense surroundings 1, slow regeneration
3
a: Device Recharging


You were on level 4 of the Dungeon.
You were not hungry.

You visited 1 branch of the dungeon, and saw 4 of its levels.

You collected 86 gold pieces.

Inventory:

Hand Weapons
 a - a +0 war axe (weapon)
Armour
 b - a +0 scale mail (worn)
 c - a +0 shield (worn)
 m - a +0 pair of gloves (worn)
Jewellery
 r - a ring of poison resistance (left hand)
 w - an amulet of clarity (around neck)
Wands
 e - a wand of heal wounds (4)
Scrolls
 j - a scroll of fog {unknown}
 l - a scroll of teleportation {unknown}
 q - 4 scrolls of recharging {unknown}
 s - a scroll of enchant weapon {unknown}
 v - a scroll of noise {unknown}
 x - a scroll of remove curse {unknown}
Potions
 d - a potion of might
 h - 2 potions of curing
 i - a potion of haste
 o - a potion of cancellation
 p - 3 potions of resistance
 t - a potion of cure mutation
 u - a potion of flight
Comestibles
 f - 3 bread rations
 g - 3 slices of pizza
 n - 4 fruits


   Skills:
 + Level 3.3 Fighting
 + Level 2.8 Axes
 + Level 3.8 Armour
 + Level 4.2 Shields


You had 3 spell levels left.
You didn't know any spells.

Dungeon Overview and Level Annotations

Branches:
Dungeon (4/15)
 Temple: D:4-7

Altars:
Qazlal

Annotations:
D:4 Edmund


Innate Abilities, Weirdness & Mutations

You are resistant to damage.
You can recharge devices by infusing magical energy.
You passively map a small area around you.
You do not regenerate naturally.


Message History

You hit something. You block its attack.
You barely miss something. Something hits you. Something shocks you.
* * * LOW HITPOINT WARNING * * *
Something hits you but does no damage.
You miss something.
A sky beast appears from thin air!
Reactivating autopickup.
The sky beast hits you. The sky beast shocks you.
* * * LOW HITPOINT WARNING * * *
You hit the sky beast.
The sky beast is heavily wounded.
You block the sky beast's attack.
The crimson imp blinks!
The sky beast hits you. The sky beast shocks you.
* * * LOW HITPOINT WARNING * * *
Your scale mail prevents you from hitting the sky beast.
The sky beast is heavily wounded.
You block the sky beast's attack.
You hit the sky beast.
The sky beast is heavily wounded.
The crimson imp blinks!
The sky beast hits you.
You die...

, * , ######### ##########
.(.$ยง...# #........#
.......S#####........######
,
.......@hhY@.>............#
!...5...#####........###.###
........# #........# #....
@..?....# #........# #####
........# #........#
*....##### #........# #####
.#.. ########## #.... , ,#.
, ####.### ** * #......<


You could see Edmund, a sky beast, a crimson imp, an adder and 2 jackals.

Vanquished Creatures
  An adder (D:2)
  An ooze (D:1)
  A worm (D:2)
  A giant gecko (D:2)
  2 orcs (D:3)
  2 ball pythons
  6 goblins
  6 hobgoblins
  10 jackals
  8 kobolds
  10 bats
  5 giant cockroaches
  4 giant newts
  6 rats
63 creatures vanquished.

Notes
Turn   | Place    | Note
--------------------------------------------------------------
     0 | D:1      | Ivanskos the Deep Dwarf Fighter began the quest for the Orb.
     0 | D:1      | Reached XP level 1. HP: 20/20 MP: 1/1
   192 | D:1      | Reached XP level 2. HP: 22/27 MP: 2/2
   509 | D:1      | Reached XP level 3. HP: 18/34 MP: 3/3
   858 | D:2      | Found a stormy altar of Qazlal.
  1024 | D:2      | Reached skill level 4 in Shields
  1097 | D:2      | Reached XP level 4. HP: 12/42 MP: 4/4
  2224 | D:4      | Noticed a sky beast
  2227 | D:4      | Noticed Edmund
  2247 | D:4      | HP: 1/42 [sky beast (2)]
  2249 | D:4      | Slain by a sky beast

Action                   |  1- 3 |  4- 6 || total
-------------------------+-------+-------++-------
Melee: War axe           |   133 |    54 ||   187
Evoke: Wand              |       |     1 ||     1
  Use: Scroll            |       |     6 ||     6
  Eat: Meat ration       |       |     1 ||     1
